 Dungeon Crawl Stone Soup version 0.21.1-1-g345015fe64 (webtiles) character file.

2020 Gargoyl the Chopper (level 9, -11/73 HPs)
             Began as a Centaur Abyssal Knight on July 16, 2018.
             Was a Priest of Lugonu.
             Mangled by an orc warrior
             ... wielding a +0 glaive
              (19 damage)
             ... in a bailey.
             The game lasted 00:11:50 (7734 turns).

Gargoyl the Chopper (Centaur Abyssal Knight)        Turns: 7734, Time: 00:11:51

Health: -11/73     AC: 11    Str: 23    XL:     9   Next: 3%
Magic:  13/13      EV:  7    Int: 11    God:    Lugonu [***...]
Gold:   357        SH:  2    Dex: 11    Spells: 8/8 levels left

rFire    . . .     SeeInvis .   i - +4 war axe
rCold    . . .     Gourm    .   (no shield)
rNeg     . . .     Faith    .   m - +1 chain mail
rPois    .         Spirit   .   d - +1 hat
rElec    .         Reflect  +   (no cloak)
rCorr    .         Harm     .   (no gloves)
MR       .....                  (no barding)
Stlth    ..........             g - +2 amulet of reflection
HPRegen  0.22/turn              A - +2 ring of strength
MPRegen  0.13/turn              k - +1 ring of evasion

@: mighty, hasted, very quick
A: large, hooves 3, deformed body, speed 2, tough skin 3
a: Depart the Abyss, Bend Space, Banish, Renounce Religion


You were in a bailey.
You worshipped Lugonu.
Lugonu was most pleased with you.
You were not hungry.

You visited 1 branch of the dungeon, and saw 7 of its levels.
You visited the Abyss 1 time.
You also visited: Bailey.

You collected 357 gold pieces.

Inventory:

Hand Weapons
 a - a +2 hand axe
 i - a +4 war axe (weapon)
Armour
 d - a +1 hat (worn)
 m - a +1 chain mail (worn)
Jewellery
 g - a +2 amulet of reflection (around neck)
 k - a +1 ring of evasion (right hand)
 w - a cursed ring of teleportation {unknown}
 A - a +2 ring of strength (left hand)
Wands
 o - a wand of polymorph (13)
 q - a wand of paralysis (19)
 s - a wand of random effects (24)
Scrolls
 b - a scroll of teleportation
 e - a scroll of identify
 f - 2 scrolls of fear
 j - a scroll of remove curse
Potions
 h - a potion of curing
 l - a potion of might
 p - 2 potions of cancellation
 r - a potion of mutation {unknown}
 t - a potion of flight {unknown}
 u - a potion of lignification
 x - a potion of heal wounds {unknown}
Books
 v - a book of Necromancy

   Spells                             Type                      Level
   a - Pain                           Necromancy                   1
   b - Animate Skeleton               Necromancy                   1
   c - Vampiric Draining              Necromancy                   3
   d - Regeneration                   Charms/Necromancy            3
   e - Animate Dead                   Necromancy                   4
   f - Borgnjor's Vile Clutch         Necromancy/Earth             5
Comestibles
 c - 8 rations


   Skills:
 + Level 4.9 Fighting
 + Level 6.5 Axes
 * Level 5.5 Armour
 + Level 1.5 Dodging
 * Level 5.4 Invocations


You had 8 spell levels left.
You didn't know any spells.

Dungeon Overview and Level Annotations

Branches:
Dungeon (7/15)             Temple (0/1) D:4

Altars:
Cheibriados
Fedhas
Gozag
Hepliaklqana
Nemelex Xobeh
Qazlal
Ru
Sif Muna
Xom


Innate Abilities, Weirdness & Mutations

You have hooves in place of feet.
Armour fits poorly on your strangely shaped body.
You cover ground very quickly.
You have extremely tough skin. (AC +3)


Message History

You kick the orc warrior!
The orc warrior is moderately wounded.
You hit the orc warrior but do no damage.
You barely miss the orc.
The orc warrior hits you from afar with a glaive!
* * * LOW HITPOINT WARNING * * *
The orc warrior hits you with a halberd.
* * * LOW HITPOINT WARNING * * *
You hit the orc warrior. You kick the orc warrior!
The orc warrior is severely wounded.
You slash the orc!
You kill the orc!
Lugonu accepts your kill.
You barely miss the orc. You slash the orc warrior!
The orc warrior barely misses you. The orc closely misses you.
The orc hits you but does no damage. x2; The orc completely misses you.
The orc hits you from afar with a halberd!
* * * LOW HITPOINT WARNING * * *
The orc warrior hits you from afar with a glaive!!
You die...

####### #######
..)...## ##.....##
.)))...######...oo..#
.)))...#.$$.#...ooo.+
.)))...'....'...@oo.+
.......#.$$.#...))..+
.......######....o..#
......## ##.....##
####### #######


You could see 3 orc warriors and 5 orcs.

Vanquished Creatures
  Grinder (D:3)
  A water moccasin (D:7)
  A phantom (D:7)
  A black bear (D:7)
  3 ogres
  A centaur (D:6)
  2 scorpions
  5 wights (D:4)
  A crimson imp (D:6)
  2 bullfrog zombies
  A jelly (D:5)
  3 orc priests
  3 hounds
  2 bullfrog skeletons
  An iguana (D:5)
  5 orc wizards
  Ijyb (D:5)
  A worker ant (D:7)
  A howler monkey zombie (D:5)
  A worker ant zombie (D:5)
  6 gnolls
  2 adders
  A shadow imp (D:6)
  2 oozes
  2 worms
  2 dart slugs (D:1)
  3 leopard geckos
  30 orcs
  3 ball pythons
  6 bats
  8 giant cockroaches
  7 goblins
  8 hobgoblins
  15 jackals
  A quokka (D:5)
  4 frilled lizards
  A jackal skeleton (D:7)
  8 kobolds
  A leopard gecko skeleton (D:5)
  A quokka zombie (D:5)
  5 rats
153 creatures vanquished.

Vanquished Creatures (others)
  An orc warrior (D:7)
1 creature vanquished.

Grand Total: 154 creatures vanquished

Notes
Turn   | Place    | Note
-------+----------+-------------------------------------------
     0 | Abyss:1  | Gargoyl the Centaur Abyssal Knight began the quest for the Orb.
     0 | Abyss:1  | Reached XP level 1. HP: 19/19 MP: 2/2
    63 | Abyss:2  | Noticed a cyan very ugly thing
    63 | Abyss:2  | Noticed a cyan ugly thing
    63 | Abyss:2  | Noticed a cyan very ugly thing
    64 | D:1      | Escaped the Abyss
   309 | D:1      | Reached skill level 2 in Axes
   309 | D:1      | Reached XP level 2. HP: 23/26 MP: 3/3
   388 | D:1      | Reached * piety under Lugonu
   690 | D:1      | Reached XP level 3. HP: 22/31 MP: 4/4
  1470 | D:2      | Found a sacrificial altar of Ru.
  1537 | D:2      | Reached XP level 4. HP: 33/39 MP: 5/5
  1808 | D:3      | Reached ** piety under Lugonu
  2056 | D:3      | Reached skill level 1 in Dodging
  2098 | D:3      | Noticed Grinder
  2338 | D:3      | Reached XP level 5. HP: 30/46 MP: 7/7
  2471 | D:3      | Found a faded altar of an unknown god.
  2710 | D:3      | Reached skill level 3 in Axes
  3228 | D:3      | Paralysed by Grinder for 5 turns
  3236 | D:3      | Paralysed by Grinder for 4 turns
  3249 | D:3      | Paralysed by Grinder for 4 turns
  3255 | D:3      | Paralysed by Grinder for 2 turns
  3260 | D:3      | Paralysed by Grinder for 5 turns
  3267 | D:3      | HP: 1/46 [Grinder (4)]
  3268 | D:3      | Killed Grinder
  3268 | D:3      | Reached XP level 6. HP: 1/52 MP: 8/8
  3908 | D:4      | Found a staircase to the Ecumenical Temple.
  3926 | D:4      | Reached skill level 4 in Axes
  4110 | D:4      | Reached XP level 7. HP: 19/59 MP: 9/9
  4346 | D:4      | Found a deep blue altar of Sif Muna.
  4346 | D:4      | Found a blossoming altar of Fedhas.
  4351 | D:4      | Found an opulent altar of Gozag.
  4353 | D:4      | Found a shimmering altar of Xom.
  4354 | D:4      | Found a snail-covered altar of Cheibriados.
  4450 | D:4      | Found a sparkling altar of Nemelex Xobeh.
  4819 | D:5      | Entered Level 5 of the Dungeon
  5400 | D:5      | Reached *** piety under Lugonu
  5705 | D:5      | Noticed Ijyb
  5711 | D:5      | Killed Ijyb
  5711 | D:5      | Reached skill level 5 in Axes
  5711 | D:5      | Reached XP level 8. HP: 55/67 MP: 11/11
  5734 | D:5      | Found a hazy altar of Hepliaklqana.
  5993 | D:5      | Found a stormy altar of Qazlal.
  6648 | D:6      | Reached skill level 5 in Invocations
  6654 | D:6      | Reached skill level 5 in Armour
  6927 | D:7      | Reached skill level 6 in Axes
  7477 | D:7      | Reached XP level 9. HP: 66/73 MP: 13/13
  7509 | D:7      | Found a flagged portal.
  7522 | Bailey   | Entered a bailey
  7734 | Bailey   | Mangled by an orc warrior

Skill      XL: |  1  2  3  4  5  6  7  8 |
---------------+-------------------------+-----
Axes           | 2 3 4 5 6 |  6.5
Armour         | 2 3 4 5 |  5.5
Dodging        | 1 |  1.5
Invocations    | 3 4 5 |  5.4
Fighting       | 4 |  4.9

Action                   |  1- 3 |  4- 6 |  7- 9 || total
-------------------------+-------+-------+-------++-------
Melee: Hand axe          |   102 |    29 |       ||   131
       Kick              |     9 |    19 |    47 ||    75
       War axe           |       |    96 |   210 ||   306
Invok: Depart the Abyss  |     1 |       |       ||     1
       Bend Space        |       |       |     1 ||     1
       Banish            |       |       |     1 ||     1
  Use: Scroll            |     6 |     6 |     6 ||    18
       Potion            |       |     3 |     3 ||     6
  Eat: Chunk             |     1 |     2 |     4 ||     7
       Ration            |       |     2 |     2 ||     4
Armor: Leather armour    |    32 |       |       ||    32
       Ring mail         |    30 |    35 |       ||    65
       Chain mail        |       |    44 |   165 ||   209
       Skin              |       |    13 |       ||    13
Dodge: Dodged            |    55 |    43 |    89 ||   187
Block: Other             |     3 |    10 |    19 ||    32
